% Time on Ice - SACRAMENTO BANDITS
Lines # - Real PCT - Wanted PCT - Time Play
Normal Forward
1 - 36% - 36% - 17:41
2 - 30% - 31% - 14:46
3 - 24% - 23% - 12:07
4 - 10% - 10% - 5:05
Normal Defense
1 - 37% - 36% - 18:18
2 - 32% - 31% - 15:55
3 - 26% - 23% - 12:50
4 - 5% - 10% - 2:36
PP Forward
1 - 47% - 55% - 2:53
2 - 53% - 45% - 3:18
PP Defense
1 - 51% - 55% - 3:11
2 - 49% - 45% - 3:00
PK Forward
1 - 69% - 55% - 1:31
2 - 31% - 45% - 0:40
PK Defense
1 - 40% - 55% - 0:52
2 - 60% - 45% - 1:19
PK3 Forward
1 - 0% - 55%
2 - 0% - 45%
PK3 Defense
1 - 0% - 55%
2 - 0% - 45%
44 Forward
1 - 32% - 55% - 0:38
2 - 68% - 45% - 1:21
44 Defense
1 - 68% - 55% - 1:21
2 - 32% - 45% - 0:38
Last Minute Offensive  - 0:00
Last Minute Defensive  - 0:00
Total
Forward - 60:00
Defense - 60:00
% Time on Ice - SALEM BLACK JAYS
Lines # - Real PCT - Wanted PCT - Time Play
Normal Forward
1 - 35% - 36% - 17:24
2 - 32% - 31% - 15:54
3 - 23% - 23% - 11:22
4 - 10% - 10% - 4:59
Normal Defense
1 - 36% - 36% - 17:55
2 - 31% - 31% - 15:09
3 - 29% - 23% - 14:24
4 - 4% - 10% - 2:11
PP Forward
1 - 63% - 55% - 1:22
2 - 37% - 45% - 0:49
PP Defense
1 - 0% - 55% - 0:00
2 - 100% - 45% - 2:11
PK Forward
1 - 66% - 55% - 4:06
2 - 34% - 45% - 2:05
PK Defense
1 - 53% - 55% - 3:15
2 - 47% - 45% - 2:56
PK3 Forward
1 - 0% - 55%
2 - 0% - 45%
PK3 Defense
1 - 0% - 55%
2 - 0% - 45%
44 Forward
1 - 58% - 55% - 1:09
2 - 42% - 45% - 0:50
44 Defense
1 - 58% - 55% - 1:09
2 - 42% - 45% - 0:50
Last Minute Offensive  - 0:00
Last Minute Defensive  - 0:00
Total
Forward - 60:00
Defense - 60:00
Play-by-Play 1st period 0:01 of 1st period - Lars Eller wins face-off versus Mathew Barzal in neutral zone. 0:10 of 1st period - Jason Demers is hit by Patrik Laine and loses puck. 0:25 of 1st period - Shot by Jonathan Huberdeau. 0:25 of 1st period - Shot Misses the Net. 0:58 of 1st period - Off-side. 0:59 of 1st period - Matt Duchene wins face-off versus Dylan Larkin in neutral zone. 1:03 of 1st period - Matt Duchene is hit by Scott Mayfield and loses puck. 1:07 of 1st period - Colton Sissons is hit by Scott Mayfield and loses puck. 1:16 of 1st period - Shot by Alexander DeBrincat. 1:16 of 1st period - Shot Blocked by Cody Ceci. 1:23 of 1st period - Alexander DeBrincat is hit by Scott Mayfield and loses puck. 1:28 of 1st period - Shot by Alexander DeBrincat. 1:28 of 1st period - Stopped by Juuse Saros with a rebound. 1:30 of 1st period - Shot by Josh Manson. 1:30 of 1st period - Shot Blocked by Mikko Rantanen. 1:33 of 1st period - Matt Duchene is hit by Cody Ceci and loses puck. 1:42 of 1st period - Shot by Alexander DeBrincat. 1:42 of 1st period - Deflect By Colton Sissons. 1:42 of 1st period - Stopped by Juuse Saros without a rebound. 1:43 of 1st period - Casey Cizikas wins face-off versus Aleksander Barkov in SALEM BLACK JAYS zone. 1:43 of 1st period - Casey Cizikas is hit by Jamie Benn. 1:53 of 1st period - Shot by Aleksander Barkov. 1:53 of 1st period - Shot Misses the Net. 1:55 of 1st period - Shot by Erik Johnson. 1:55 of 1st period - Shot Blocked by Nick Jensen. 2:05 of 1st period - Shot by Sam Reinhart. 2:05 of 1st period - Shot Misses the Net. 2:07 of 1st period - Shot by Sam Reinhart. 2:07 of 1st period - Stopped by Juuse Saros without a rebound. 2:08 of 1st period - Filip Chytil wins face-off versus Jay Beagle in SALEM BLACK JAYS zone. 2:23 of 1st period - Shot by Par Lindholm. 2:23 of 1st period - Shot Misses the Net. 2:25 of 1st period - Shot by Filip Chytil. 2:25 of 1st period - Stopped by Craig Anderson without a rebound. 2:26 of 1st period - Aleksander Barkov wins face-off versus Casey Cizikas in SACRAMENTO BANDITS zone. 2:41 of 1st period - Shot by Aleksander Barkov. 2:41 of 1st period - Shot Misses the Net. 2:43 of 1st period - Shot by Aleksander Barkov. 2:43 of 1st period - Shot Misses the Net. 2:45 of 1st period - Shot by Mattias Ekholm. 2:45 of 1st period - Shot Misses the Net. 3:43 of 1st period - Icing by Nick Jensen. 3:44 of 1st period - Matt Duchene wins face-off versus Casey Cizikas in SALEM BLACK JAYS zone. 4:18 of 1st period - John Carlson is hit by Casey Cizikas and loses puck. 4:57 of 1st period - Shot by Jonathan Huberdeau. 4:57 of 1st period - Stopped by Juuse Saros without a rebound. 4:58 of 1st period - Jay Beagle wins face-off versus Mikko Rantanen in SALEM BLACK JAYS zone. 5:07 of 1st period - Shot by Mikko Rantanen. 5:07 of 1st period - Shot Misses the Net. 5:19 of 1st period - Shot by Jay Beagle. 5:19 of 1st period - Deflect By Justin Williams. 5:19 of 1st period - Stopped by Juuse Saros without a rebound. 5:20 of 1st period - Lars Eller wins face-off versus Mathew Barzal in SALEM BLACK JAYS zone. 5:39 of 1st period - Shot by Jonathan Huberdeau. 5:39 of 1st period - Stopped by Juuse Saros without a rebound. 5:40 of 1st period - Aleksander Barkov wins face-off versus Dylan Larkin in SALEM BLACK JAYS zone. 5:47 of 1st period - Shot by Dylan Larkin. 5:47 of 1st period - Stopped by Craig Anderson with a rebound. 5:49 of 1st period - Shot by Cody Ceci. 5:49 of 1st period - Stopped by Craig Anderson with a rebound. 5:51 of 1st period - Shot by Dylan Larkin. 5:51 of 1st period - Stopped by Craig Anderson without a rebound. 5:52 of 1st period - Lars Eller wins face-off versus Mathew Barzal in SACRAMENTO BANDITS zone. 7:41 of 1st period - Shot by Mikko Rantanen. 7:41 of 1st period - Stopped by Craig Anderson with a rebound. 8:04 of 1st period - Alexander DeBrincat is hit by Matthew Highmore and loses puck. 8:25 of 1st period - Shot by Martin Necas. 8:25 of 1st period - Shot Blocked by John Carlson. 8:27 of 1st period - Shot by Travis Dermott. 8:27 of 1st period - Stopped by Craig Anderson without a rebound. 8:28 of 1st period - Jay Beagle wins face-off versus Mathew Barzal in SACRAMENTO BANDITS zone. 8:28 of 1st period - Jay Beagle is hit by Mathew Barzal. 8:51 of 1st period - Jay Beagle is hit by Cody Ceci and loses puck. 9:35 of 1st period - Off-side. 9:36 of 1st period - Lars Eller wins face-off versus Filip Chytil in neutral zone. 10:06 of 1st period - Icing by Jonathan Huberdeau. 10:07 of 1st period - Lars Eller wins face-off versus Dylan Larkin in SACRAMENTO BANDITS zone. 10:07 of 1st period - Lars Eller is hit by Matthew Calvert. 10:10 of 1st period - Minor Penalty to Matthew Calvert for Tripping. 10:10 of 1st period - Minor Penalty to Patrik Laine for Interference. 10:11 of 1st period - Dylan Larkin wins face-off versus Aleksander Barkov in neutral zone. 10:21 of 1st period - Shot by Dylan Larkin. 10:21 of 1st period - Shot Misses the Net. 10:31 of 1st period - Shot by Jonathan Huberdeau. 10:31 of 1st period - Shot Misses the Net. 10:35 of 1st period - Shot by Aleksander Barkov. 10:35 of 1st period - Stopped by Juuse Saros without a rebound. 10:36 of 1st period - Lars Eller wins face-off versus Mathew Barzal in SALEM BLACK JAYS zone. 14:03 of 1st period - Shot by John Carlson. 14:03 of 1st period - Shot Misses the Net. 14:05 of 1st period - Shot by John Carlson. 14:05 of 1st period - Stopped by Juuse Saros without a rebound. 14:06 of 1st period - Lars Eller wins face-off versus Dylan Larkin in SALEM BLACK JAYS zone. 14:56 of 1st period - Off-side. 14:57 of 1st period - Mathew Barzal wins face-off versus Matt Duchene in neutral zone. 15:37 of 1st period - Shot by Mitchell Marner. 15:37 of 1st period - Stopped by Craig Anderson without a rebound. 15:38 of 1st period - Aleksander Barkov wins face-off versus Filip Chytil in SACRAMENTO BANDITS zone. 15:56 of 1st period - Shot by Jamie Benn. 15:56 of 1st period - Shot Misses the Net. 16:02 of 1st period - Jamie Benn is hit by Par Lindholm. 16:08 of 1st period - Shot by Filip Chytil. 16:08 of 1st period - Stopped by Craig Anderson with a rebound. 16:44 of 1st period - Shot by Matthew Calvert. 16:44 of 1st period - Shot Misses the Net. 17:18 of 1st period - Shot by Mathew Barzal. 17:18 of 1st period - Shot Misses the Net. 17:59 of 1st period - Minor Penalty to Casey Cizikas for Tripping. 18:00 of 1st period - Matt Duchene wins face-off versus Matthew Highmore in SALEM BLACK JAYS zone. 18:15 of 1st period - Dylan Larkin is hit by Sam Reinhart and loses puck. 19:30 of 1st period - Icing by Filip Hronek. 19:31 of 1st period - Matthew Calvert wins face-off versus Aleksander Barkov in SACRAMENTO BANDITS zone. 19:36 of 1st period - Shot by Matthew Calvert. 19:36 of 1st period - Goal by Matthew Calvert - SACRAMENTO BANDITS : 0 - SALEM BLACK JAYS : 1. 19:37 of 1st period - Filip Chytil wins face-off versus Matt Duchene in neutral zone. 19:46 of 1st period - Scott Mayfield is hit by Alexander DeBrincat and loses puck. 19:53 of 1st period - Shot by Sam Reinhart. 19:53 of 1st period - Stopped by Juuse Saros without a rebound. 19:54 of 1st period - Matt Duchene wins face-off versus Filip Chytil in SALEM BLACK JAYS zone. Goals for this period are 0 for SACRAMENTO BANDITS vs 1 for SALEM BLACK JAYS. Shots for this period are 9 for SACRAMENTO BANDITS vs 9 for SALEM BLACK JAYS. 2nd period 0:01 of 2nd period - Mitchell Marner wins face-off versus Jonathan Huberdeau in neutral zone. 0:25 of 2nd period - Icing by Jason Demers. 0:26 of 2nd period - Aleksander Barkov wins face-off versus Mathew Barzal in SALEM BLACK JAYS zone. 1:10 of 2nd period - Shot by Mikko Rantanen. 1:10 of 2nd period - Stopped by Craig Anderson without a rebound. 1:11 of 2nd period - Lars Eller wins face-off versus Mikko Rantanen in SACRAMENTO BANDITS zone. 1:40 of 2nd period - Shot by Mikko Rantanen. 1:40 of 2nd period - Deflect By Dylan Larkin. 1:40 of 2nd period - Stopped by Craig Anderson with a rebound. 2:24 of 2nd period - Shot by Casey Cizikas. 2:24 of 2nd period - Stopped by Craig Anderson without a rebound. 2:25 of 2nd period - Mathew Barzal wins face-off versus Aleksander Barkov in SACRAMENTO BANDITS zone. 2:41 of 2nd period - Minor Penalty to Jason Demers for Holding. 2:42 of 2nd period - Matt Duchene wins face-off versus Casey Cizikas in SALEM BLACK JAYS zone. 2:43 of 2nd period - Shot by Sam Reinhart. 2:43 of 2nd period - Stopped by Juuse Saros without a rebound. 2:44 of 2nd period - Casey Cizikas wins face-off versus Matt Duchene in SALEM BLACK JAYS zone. 2:55 of 2nd period - Shot by John Carlson. 2:55 of 2nd period - Goal by John Carlson - SACRAMENTO BANDITS : 1 - SALEM BLACK JAYS : 1. 2:56 of 2nd period - Mikko Rantanen wins face-off versus Aleksander Barkov in neutral zone. 3:24 of 2nd period - Minor Penalty to Dylan Larkin for Boarding. 3:25 of 2nd period - Aleksander Barkov wins face-off versus Casey Cizikas in SALEM BLACK JAYS zone. 3:42 of 2nd period - Shot by Jonathan Huberdeau. 3:42 of 2nd period - Shot Misses the Net. 3:53 of 2nd period - Icing by Aleksander Barkov. 3:54 of 2nd period - Aleksander Barkov wins face-off versus Casey Cizikas in SACRAMENTO BANDITS zone. 4:53 of 2nd period - Shot by Matt Duchene. 4:53 of 2nd period - Stopped by Juuse Saros without a rebound. 4:54 of 2nd period - Matt Duchene wins face-off versus Casey Cizikas in SALEM BLACK JAYS zone. 5:51 of 2nd period - Shot by Nicolas Aube-Kubel. 5:51 of 2nd period - Stopped by Juuse Saros without a rebound. 5:52 of 2nd period - Lars Eller wins fac